 Dungeon Crawl Stone Soup version 0.19.5 (webtiles) character file.

14093 greprep the Covert (level 11, -4/56 HPs)
             Began as a Spriggan Enchanter on May 18, 2017.
             Was a High Priest of Ashenzari.
             Slain by a black mamba (11 damage)
             ... on level 3 of the Lair of Beasts on May 23, 2017.
             The game lasted 00:56:13 (17946 turns).

greprep the Covert (Spriggan Enchanter)            Turns: 17946, Time: 00:56:14

Health: -4/56      AC:  7    Str:  9    XL:     11   Next: 84%
Magic:  11/24      EV: 24    Int: 18    God:    Ashenzari [*****.]
Gold:   961        SH: 17    Dex: 19    Spells: 3 memorised, 21 levels left

rFire  . . .     SeeInvis +     k - +3 dagger (flame) (curse)
rCold  . . .     Gourm    .     K - +0 troll leather armour (curse) {Snorg}
rNeg   . . .     Faith    .     A - +1 buckler (curse)
rPois  +         Spirit   .     (helmet restricted)
rElec  .         Reflect  +     n - +1 cloak (curse)
rCorr  .         Harm     .     (gloves unavailable)
MR     +....     Clarity  +     (boots unavailable)
Stlth  ++++++....               f - brooch of Shielding {Reflect SH+8} (curse)
                                J - +5 ring of strength
                                g - ring of poison resistance (curse)

@: very quick
A: unfitting armour, see invisible, herbivore 3, speed 3, slow metabolism 2
a: Curse Item, Scrying, Transfer Knowledge, Renounce Religion


You were on level 3 of the Lair of Beasts.
You worshipped Ashenzari.
Ashenzari was extremely pleased with you.
You were not hungry.

You visited 2 branches of the dungeon, and saw 13 of its levels.
You also visited: Labyrinth and Ossuary.

You collected 1533 gold pieces.
You spent 572 gold pieces at shops.

Inventory:

Hand Weapons
 k - a cursed +3 dagger of flaming (weapon)
 O - a +2 rapier of holy wrath
Armour
 n - a cursed +1 cloak (worn)
 A - a cursed +1 buckler (worn)
 I - the cursed +0 hat "Mefuzourr" {rElec rN+ Str-4}
   (You acquired it on level 10 of the Dungeon)

   It affects your strength (-4).
   It insulates you from electricity.
   It protects you from negative energy.
   It has a curse placed upon it.
 K - a cursed +0 troll leather armour (worn) {Snorg}
 P - the +3 robe of Folly {Archmagi, MR-- Int+5}
   (You found it in a labyrinth)

   It affects your intelligence (+5).
   It affects your resistance to hostile enchantments.
Magical Staves
 Q - an uncursed staff of wizardry
 R - an uncursed staff of air
Jewellery
 f - the cursed brooch of Shielding (around neck) {Reflect SH+8}
   (You found it on level 2 of the Lair of Beasts)

   [amulet of reflection]

   It shields you and reflects attacks.
   It affects your SH (+8).
   It has a curse placed upon it.
 g - a cursed ring of poison resistance (left hand)
 J - a +5 ring of strength (right hand)
 N - an uncursed ring of flight
Wands
 q - a wand of flame (29/48)
 G - a wand of paralysis (7/24)
 M - a wand of digging (10/24)
Scrolls
 b - 5 scrolls of identify
 e - a scroll of blinking {unknown}
 j - 2 scrolls of enchant weapon
 p - 6 scrolls of amnesia
 v - 3 scrolls of magic mapping
 x - a scroll of fog {unknown}
 y - 3 scrolls of teleportation
 D - 3 scrolls of remove curse
 E - a scroll of fear
 F - a scroll of recharging {unknown}
Potions
 a - 5 potions of flight
 h - 2 potions of ambrosia
 i - 2 potions of might
 l - 3 potions of cancellation
 m - 2 potions of agility
 o - 3 potions of brilliance
 r - 2 potions of curing
 s - a potion of cure mutation {unknown}
 t - 3 potions of berserk rage {unknown}
 u - a potion of heal wounds {unknown}
 w - 2 potions of haste {unknown}
 B - a potion of beneficial mutation {unknown}
 C - a potion of resistance {unknown}
Books
 c - a book of Maledictions

   Spells                             Type                      Level
   a - Corona                         Hexes                        1
   b - Ensorcelled Hibernation        Hexes/Ice                    2
   c - Confuse                        Hexes                        3
   d - Tukima's Dance                 Hexes                        3
   e - Dazzling Spray                 Conjuration/Hexes            3
 z - a book of Air

   Spells                             Type                      Level
   a - Shock                          Conjuration/Air              1
   b - Swiftness                      Charms/Air                   2
   c - Repel Missiles                 Charms/Air                   2
   d - Static Discharge               Conjuration/Air              3
   e - Lightning Bolt                 Conjuration/Air              5
 H - the Grimoire of Unstable Snow
   (You found it on level 9 of the Dungeon)

   Spells                             Type                      Level
   a - Freeze                         Ice                          1
   b - Apportation                    Translocation                1
   c - Ensorcelled Hibernation        Hexes/Ice                    2
   d - Portal Projectile              Translocation                3
   e - Force Lance                    Conjuration/Translocation    4
   f - Ice Form                       Ice/Transmutation            4
   g - Summon Forest                  Summoning/Translocation      5
 L - a Necronomicon

   Spells                             Type                      Level
   a - Haunt                          Necromancy/Summoning         7
   b - Borgnjor's Revivification      Necromancy                   8
   c - Death's Door                   Charms/Necromancy            8
   d - Infestation                    Necromancy                   8
   e - Necromutation                  Transmutation/Necromancy     8
Comestibles
 d - 2 bread rations


   Skills:
 * Level 6.1 Fighting
 * Level 8.6(12.5) Short Blades
 * Level 5.0 Armour
 + Level 5.9(8.6) Dodging
 + Level 12.2(14.5) Stealth
 * Level 4.1(6.6) Shields
 + Level 8.6 Spellcasting
 + Level 8.7(11.3) Hexes
 + Level 3.8(6.2) Ice Magic


You had 21 spell levels left.
You knew the following spells:

 Your Spells              Type           Power        Failure   Level  Hunger
a - Corona                Hex            #####..      1%          1    None
b - Ensorcelled Hibernat  Hex/Ice        #####.       1%          2    None
c - Confuse               Hex            #####...     1%          3    None


Dungeon Overview and Level Annotations

Branches:
Dungeon (10/15)            Temple (0/1) D:7            Lair (3/6) D:10
  Swamp (0/4) Lair:3       Spider (0/4) Lair:3          Orc (0/2) D:10

Altars:
Ashenzari
Fedhas
Qazlal
Ru
Zin

Shops:
D:8 }   D:10 ?


Innate Abilities, Weirdness & Mutations

You are very small and have problems with some larger weapons.
You are too small for most types of armour.
You have supernaturally acute eyesight. (SInv)
You are a herbivore.
You cover ground extremely quickly.
You need consume almost no food.


Message History

The blink frog resists with some effort.
The black mamba hisses angrily.
You block the blink frog's attack. The blink frog hits you!
Casting: Ensorcelled Hibernation
Confirm with . or Enter, or press ? or * to list all spells.
Aiming: Ensorcelled Hibernation
Press: ? - help, Shift-Dir - straight line, f/p - blink frog
Aim: a blink frog (chance to defeat MR: 50%)
The blink frog resists with some effort.
The blink frog barely misses you. You block the blink frog's attack.
The blink frog blinks!
You block the blink frog's attack.
The blink frog blinks!
The blink frog blinks!
The blink frog hits you! x2; The blink frog blinks!
You block the blink frog's attack. The blink frog hits you!
* * * LOW HITPOINT WARNING * * *
The blink frog blinks!
You block the black mamba's attack.
The blink frog blinks!
The black mamba bites you!
You die...

.#######......†...# * , , *
.##.####.#.....F.P# , ,, ,*
..#..###.+.F..F...# *##..
,, ...######........P#
*.... , ,, *
...##.8.#........## ....,
*, ..............§..#
..P,,, ,
#....$>.8#.F.....###.#,,,,
, * #..............S.##..#.
,,,
...##.8.##......@#..###.
,**
..###.##..[......'.#.###*
** *
..#######........†######,,
.#########...#..##.#####.,,
{##########....#########.
#########....h...#######. *
*
#########........###...#+*
* ,
########P......<.###..... ,
########P........P##.....,,
,*


You could see a black mamba, 4 blink frogs and a wolf (wandering).

Vanquished Creatures
  Snorg (D:10)
  A minotaur (Lab)
  A hydra (Lair:1)
  A hill giant (D:9)
  A spiny frog (Lair:2)
  2 komodo dragons
  A rime drake (Lair:2)
  A troll (D:9)
  3 jumping spiders (Lair:3)
  7 blink frogs
  2 hippogriffs
  2 redbacks (Lair:3)
  A wyvern (D:10)
  5 yaks (Lair:1)
  A hungry ghost (D:8)
  Grum (D:9)
  A mottled dragon (Lair:2)
  2 water moccasins
  2 porcupines
  2 phantoms
  A hornet zombie (D:10)
  7 orc warriors
  2 ice beasts
  A black bear (D:10)
  6 ogres
  2 centaurs (D:10)
  7 wolves
  The ghost of dscm the Sneak, an amateur OpEE (D:4)
  4 crocodiles (Lair:2)
  A big kobold (D:7)
  3 bullfrogs
  A wyvern skeleton (D:9)
  3 scorpions
  2 water moccasin skeletons
  11 killer bees
  12 wights
  2 howler monkeys (D:7)
  2 crimson imps
  3 orc priests
  2 centaur zombies
  2 jellies
  9 hounds
  5 orc wizards
  2 bullfrog skeletons
  2 iguanas
  2 centaur skeletons
  8 worker ants
  2 hound skeletons
  A hound zombie (D:9)
  A worker ant zombie (D:6)
  8 mummies (Ossuary)
  4 gnolls (D:9)
  8 adders
  3 shadow imps
  An ooze (D:1)
  4 adder skeletons
  2 worms
  4 leopard geckos
  43 orcs
  8 giant cockroaches
  9 goblins
  6 hobgoblins
  10 jackals
  6 quokkas
  A ball python (D:3)
  13 bats
  3 frilled lizards
  2 gnoll zombies (Ossuary)
  A hobgoblin zombie (Ossuary)
  11 kobolds
  4 kobold zombies (Ossuary)
  A leopard gecko skeleton (D:6)
  An orc zombie (Ossuary)
  A quokka skeleton (D:4)
  A quokka zombie (D:7)
  3 rats
303 creatures vanquished.

Vanquished Creatures (others)
  A fungus (Lair:1)
  2 plants
3 creatures vanquished.

Grand Total: 306 creatures vanquished

Notes
Turn   | Place    | Note
-------+----------+-------------------------------------------
     0 | D:1      | greprep the Spriggan Enchanter began the quest for the Orb.
     0 | D:1      | Reached XP level 1. HP: 9/9 MP: 5/5
   170 | D:1      | Reached skill level 5 in Stealth
   170 | D:1      | Reached XP level 2. HP: 6/13 MP: 6/6
   334 | D:1      | Learned a level 2 spell: Ensorcelled Hibernation
   673 | D:1      | Found a shattered altar of Ashenzari.
   708 | D:1      | Became a worshipper of Ashenzari the Shackled
   739 | D:1      | Reached XP level 3. HP: 14/16 MP: 8/8
  1653 | D:2      | Reached XP level 4. HP: 21/21 MP: 1/9
  1937 | D:2      | Reached * piety under Ashenzari
  2013 | D:2      | Found a faded altar of an unknown god.
  2192 | D:3      | Found a blossoming altar of Fedhas.
  3295 | D:4      | Noticed an ogre
  3306 | D:4      | Killed an ogre
  3306 | D:4      | Reached skill level 1 in Fighting
  3306 | D:4      | Reached skill level 1 in Armour
  3306 | D:4      | Reached skill level 6 in Stealth
  3306 | D:4      | Reached skill level 1 in Ice Magic
  3306 | D:4      | Reached XP level 5. HP: 25/25 MP: 3/11
  3358 | D:4      | Noticed an ogre
  3365 | D:4      | Killed an ogre
  3365 | D:4      | Reached XP level 6. HP: 30/30 MP: 8/12
  3485 | D:4      | Learned a level 3 spell: Confuse
  3907 | D:5      | Entered Level 5 of the Dungeon
  3956 | D:5      | Reached ** piety under Ashenzari
  4065 | D:4      | Found a sand-covered staircase.
  4076 | Ossuary  | Entered an ossuary
  5079 | Ossuary  | Reached XP level 7. HP: 34/34 MP: 9/13
  5469 | D:4      | Noticed dscm's ghost (amateur OpEE)
  5480 | D:4      | Killed dscm's ghost
  5480 | D:4      | Reached skill level 7 in Stealth
  5480 | D:4      | Reached skill level 5 in Hexes
  6369 | D:5      | Reached skill level 8 in Stealth
  6455 | D:6      | Reached XP level 8. HP: 36/39 MP: 1/15
  7240 | D:6      | Found a sacrificial altar of Ru.
  7246 | D:6      | Found a glowing silver altar of Zin.
  7275 | D:6      | Reached skill level 5 in Spellcasting
  7954 | D:6      | Reached *** piety under Ashenzari
  8547 | D:7      | Reached skill level 5 in Short Blades
  8674 | D:7      | Found a staircase to the Ecumenical Temple.
  8943 | D:7      | Reached XP level 9. HP: 44/44 MP: 18/18
  9536 | D:8      | Reached skill level 9 in Stealth
  9604 | D:8      | Found Ihimucvi's Gadget Boutique.
  9943 | D:8      | Reached **** piety under Ashenzari
 10612 | D:9      | Noticed a hill giant
 10616 | D:9      | Killed a hill giant
 10616 | D:9      | Reached skill level 1 in Shields
 10696 | D:9      | Reached skill level 5 in Dodging
 10883 | D:9      | Found a stormy altar of Qazlal.
 11528 | D:9      | Noticed Grum
 11530 | D:9      | Identified the Grimoire of Unstable Snow
 11553 | D:9      | Reached skill level 10 in Stealth
 11558 | D:9      | Reached XP level 10. HP: 33/51 MP: 12/21
 11898 | D:9      | Killed Grum
 13005 | D:10     | Entered Level 10 of the Dungeon
 13005 | D:10     | Found Yplicitt's Magic Scroll Shop.
 13524 | D:10     | Bought a scroll of acquirement for 572 gold pieces
 13526 | D:10     | Got the cursed hat "Mefuzourr" {rElec rN+ Str-4}
 13531 | D:10     | Found a staircase to the Lair.
 13590 | D:10     | Reached skill level 5 in Fighting
 14012 | D:10     | Noticed Snorg
 14069 | D:10     | Killed Snorg
 14446 | D:10     | Reached ***** piety under Ashenzari
 14482 | D:10     | Reached skill level 11 in Stealth
 14706 | D:10     | Found a staircase to the Orcish Mines.
 14814 | Lair:1   | Entered Level 1 of the Lair of Beasts
 14835 | Lair:1   | Reached XP level 11. HP: 27/56 MP: 17/24
 15375 | Lair:1   | Noticed a four-headed hydra
 15388 | Lair:1   | Killed a four-headed hydra
 16532 | Lair:2   | Found a sacrificial altar of Ru.
 17456 | Lair:3   | Found a hole to the Spider Nest.
 17487 | Lair:3   | Reached skill level 12 in Stealth
 17645 | Lair:3   | Found a labyrinth entrance.
 17655 | Lab      | Entered a labyrinth
 17798 | Lab      | Noticed a minotaur
 17826 | Lab      | Killed a minotaur
 17826 | Lab      | Identified the ring "Kaseots" {*Tele rPois rN++ Int+2 Dex-4} (You took it off a minotaur in a labyrinth)
 17826 | Lab      | Identified the +8 plate armour of Vanity {*Slow rElec Int+10} (You took it off a minotaur in a labyrinth)
 17826 | Lab      | Identified the +8 dagger of Sunlight {freeze, rElec Str+2} (You took it off a minotaur in a labyrinth)
 17867 | Lair:3   | Reached skill level 5 in Armour
 17946 | Lair:3   | Slain by a black mamba

Skill      XL: |  1  2  3  4  5  6  7  8  9 10 11 |
---------------+----------------------------------+-----
Stealth        | 5 6 8 10 11 12 | 12.2
Spellcasting   | 3 4 5 6 8 |  8.6
Short Blades   | 2 3 4 5 6 7 8 |  8.6
Dodging        | 4 5 |  5.9
Fighting       | 1 2 3 4 5 6 |  6.1
Armour         | 1 2 3 4 5 |  5.0
Hexes          | 4 5 6 7 8 |  8.7
Ice Magic      | 1 2 3 |  3.8
Shields        | 1 3 4 |  4.1

Action                   |  1- 3 |  4- 6 |  7- 9 | 10-12 || total
-------------------------+-------+-------+-------+-------++-------
Melee: Dagger            |   154 |   130 |   346 |   276 ||   906
 Cast: Ensorcelled Hiber |    14 |    16 |    60 |   164 ||   254
       Confuse           |       |    24 |    52 |    18 ||    94
Invok: Curse Item        |     2 |       |     1 |     2 ||     5
       Scrying           |       |       |       |     7 ||     7
  Use: Scroll            |       |     6 |     4 |     7 ||    17
       Potion            |       |       |       |     5 ||     5
 Stab: Sleeping          |    13 |    17 |    58 |    81 ||   169
       Distracted        |       |     1 |     2 |     2 ||     5
       Confused          |       |     8 |    18 |    11 ||    37
  Eat: Bread ration      |       |     1 |     1 |     1 ||     3
       Pizza             |       |       |     3 |       ||     3
Armor: Robe              |    37 |    12 |    15 |    17 ||    81
       Troll leather arm |       |       |       |     7 ||     7
Dodge: Dodged            |   176 |    76 |   177 |   231 ||   660
Block: Buckler           |       |       |    23 |   154 ||   177
